 Dungeon Crawl Stone Soup version 0.20.1-1-g8b1a95d (webtiles) character file.

114 veneficus the Skirmisher (level 4, -1/41 HPs)
             Began as a Minotaur Fighter on Oct 31, 2017.
             Killed by the air
             ... invoked by a blizzard demon
              (18 damage)
             ... on level 2 of the Abyss.
             The game lasted 00:06:34 (2025 turns).

veneficus the Skirmisher (Minotaur Fighter)         Turns: 2025, Time: 00:06:35

Health: -1/41      AC:  7    Str: 21    XL:     4   Next: 67%
Magic:  3/3        EV:  7    Int:  6    God:
Gold:   132        SH:  9    Dex:  9    Spells: 3/3 levels left

rFire    . . .     SeeInvis .   a - +0 long sword
rCold    . . .     Gourm    .   c - +0 shield
rNeg     . . .     Faith    .   b - +0 scale mail
rPois    .         Spirit   .   (helmet restricted)
rElec    .         Reflect  .   (no cloak)
rCorr    .         Harm     .   (no gloves)
MR       .....                  (no boots)
Stlth    ..........             (no amulet)
Regen    0.2/turn               (no ring)
MPRegen  0.1/turn               (no ring)

@: no status effects
A: retaliatory headbutt, horns 2
a: no special abilities


You were on level 2 of the Abyss.
You were not hungry.

You visited 1 branch of the dungeon, and saw 3 of its levels.
You visited the Abyss 1 time.

You collected 132 gold pieces.

Inventory:

Hand Weapons
 a - a +0 long sword (weapon)
Armour
 b - a +0 scale mail (worn)
 c - a +0 shield (worn)
Jewellery
 s - an uncursed amulet of guardian spirit {unknown}
Wands
 r - a wand of random effects (16/48)
 y - a wand of digging (9/24)
Scrolls
 e - a scroll of teleportation {unknown}
 g - a scroll of magic mapping {unknown}
 i - a scroll of fear {unknown}
 j - 3 scrolls of remove curse {unknown}
 l - a scroll of noise {unknown}
 m - 5 scrolls of identify {unknown}
 p - 4 scrolls of fog {unknown}
 t - 2 scrolls of recharging {unknown}
Potions
 d - a potion of might
 k - a potion of brilliance {unknown}
 n - a potion of degeneration {unknown}
 q - a potion of magic {unknown}
 u - a potion of invisibility {unknown}
 w - a potion of heal wounds {unknown}
 x - a potion of haste {unknown}
 z - a potion of curing {unknown}
Comestibles
 f - 4 bread rations
 h - 2 meat rations
 o - a royal jelly


   Skills:
 + Level 4.7 Fighting
 * Level 4.6 Long Blades
 + Level 4.3 Armour
 - Level 3.6 Shields


You had 3 spell levels left.
You didn't know any spells.

Dungeon Overview and Level Annotations

Branches:
Dungeon (3/15)

Altars:


Innate Abilities, Weirdness & Mutations

You reflexively headbutt those who attack you in melee.
You have a pair of horns on your head.


Message History

You riposte.
You closely miss the small abomination. The small abomination hits you.
There is a gateway leading deeper into the Abyss here.
You can't go up here!
The sun demon barely misses you. The apocalypse crab bites you.
The apocalypse crab freezes you!!
Ouch! That really hurt!
* * * LOW HITPOINT WARNING * * *
The apocalypse crab completely misses you.
You plunge deeper into the Abyss.
Found a brown potion and a leather armour.
Found a gateway leading deeper into the Abyss.
z - a brown potion You start resting.
Eating a chunk of flesh.
You eat the chunk of flesh.
This raw flesh tastes terrible.
A blizzard demon comes into view.
The blizzard demon shouts!
The blizzard demon waves its arms in wide circles.
The air twists around and strikes you!
You die...

.... . . #... . .
#2 ...## . # ...
... ... ....##. #
# # #...≈ ≈
#....####≈##.##.
#..@....... .
......###.....##.#
#.... .#.#.##..##
#... .# ......# .
###. .. #########.
.. . ....... #
.>...≈. ..... . .
..#..#... #.


You could see a blizzard demon.

Vanquished Creatures
  Terence (D:2)
  A gnoll (D:3)
  2 adders (D:2)
  An ooze (D:3)
  A worm (D:1)
  A dart slug (D:3)
  4 leopard geckos (D:1)
  An orc (D:3)
  A giant cockroach (D:3)
  5 goblins
  5 hobgoblins
  6 jackals (D:1)
  A quokka (D:3)
  A ball python (D:1)
  5 bats
  3 frilled lizards
  3 kobolds
  7 rats
49 creatures vanquished.

Notes
Turn   | Place    | Note
-------+----------+-------------------------------------------
     0 | D:1      | veneficus the Minotaur Fighter began the quest for the Orb.
     0 | D:1      | Reached XP level 1. HP: 19/19 MP: 0/0
   145 | D:1      | Reached XP level 2. HP: 25/27 MP: 1/1
   402 | D:1      | Reached XP level 3. HP: 33/33 MP: 2/2
   909 | D:2      | Noticed Terence
   922 | D:2      | Killed Terence
   922 | D:2      | Reached XP level 4. HP: 25/41 MP: 3/3
  1889 | D:3      | Noticed a gnoll sergeant
  1896 | D:3      | Cast into level 1 of the Abyss (gnoll sergeant)
  1900 | Abyss:1  | Found a corrupted altar of Lugonu.
  1962 | Abyss:1  | Noticed an apocalypse crab
  1964 | Abyss:1  | Noticed a large abomination
  1964 | Abyss:1  | Noticed a sun demon
  2025 | Abyss:2  | Noticed a blizzard demon
  2025 | Abyss:2  | Killed from afar by a blizzard demon

Skill      XL: |  1  2  3 |
---------------+----------+-----
Long Blades    | 3 4 |  4.6
Fighting       | 4 |  4.7
Armour         | 4 |  4.3
Shields        | |  3.6

Action                   |  1- 3 |  4- 6 || total
-------------------------+-------+-------++-------
Melee: Long sword        |    90 |    35 ||   125
       Headbutt          |     7 |     4 ||    11
  Eat: Chunk             |       |     4 ||     4
Armor: Scale mail        |    31 |    16 ||    47
Dodge: Dodged            |    23 |    21 ||    44
Block: Shield            |    50 |    23 ||    73
       Rpst.: Long sword |     7 |     5 ||    12
